 Dungeon Crawl Stone Soup version 0.30-a0-738-g116ff8c4af (webtiles) character file.

Game seed: 4791629399850282247

3609 bmack86 the Cleaver (level 9, 0/79 HPs)
             Began as a Minotaur Fighter on Feb 4, 2023.
             Was a Priest of Okawaru.
             Slain by a manticore (14 damage)
             ... on level 7 of the Dungeon.
             The game lasted 00:16:35 (6391 turns).

bmack86 the Cleaver (Minotaur Fighter)              Turns: 6391, Time: 00:16:36

Health: 0/79       AC: 10    Str: 26    XL:     9   Next: 86%
Magic:  11/11      EV:  8    Int:  5    God:    Okawaru [***...]
Gold:   385        SH:  6    Dex: 15    Spells: 8/8 levels left

rFire   + . .      SeeInvis .    h - +3 hand axe (flame)
rCold   . . .      Faith    .    c - +0 buckler
rNeg    . . .      Spirit   .    v - +0 chain mail
rPois   .          Reflect  .    (helmet restricted)
rElec   .          Harm     .    (no cloak)
rCorr   .          Rampage  .    (no gloves)
Will    .....                    (no boots) Stlth
                                 (no amulet)
HPRegen 0.33/turn                j - +6 ring of dexterity
MPRegen 0.12/turn                o - ring of protection from fire

@: no status effects
A: horns 2, retaliatory headbutt
a: Renounce Religion, Heroism


You were on level 7 of the Dungeon.
You worshipped Okawaru.
Okawaru was most pleased with you.
You visited 2 branches of the dungeon, and saw 8 of its levels.
You also visited: Ossuary.

You collected 385 gold pieces.

Inventory:

Hand Weapons
 a - a +0 war axe
 h - a +3 hand axe of flaming (weapon)
Missiles
 p - 5 atropa-tipped darts
 u - 21 poisoned darts (quivered)
Armour
 b - a +0 scale mail
 c - a +0 buckler (worn)
 v - a +0 chain mail (worn)
 E - a scarf of invisibility
Jewellery
 g - a ring of magical power
 j - a +6 ring of dexterity (left hand)
 o - a ring of protection from fire (right hand)
 q - a ring of ice
 r - a ring of wizardry
 D - an amulet of guardian spirit
Wands
 s - a wand of paralysis (4)
 y - a wand of roots (6)
Scrolls
 l - 7 scrolls of teleportation
 n - 5 scrolls of fog
 w - a scroll of enchant weapon
 A - a scroll of magic mapping
 F - a scroll of identify
Potions
 d - 3 potions of might
 e - 2 potions of mutation
 f - a potion of resistance {unknown}
 i - 2 potions of ambrosia
 k - a potion of haste {unknown}
 m - a potion of flight {unknown}
 t - 3 potions of curing
 x - 2 potions of magic
 z - 2 potions of heal wounds {unknown}
 B - a potion of cancellation {unknown}
 C - a potion of degeneration {unknown}


   Skills:
 + Level 7.5 Fighting
 * Level 9.6 Axes
 + Level 5.0 Throwing
 + Level 7.6 Armour
 + Level 7.6 Shields
 + Level 4.3 Invocations


You had 8 spell levels left.
You didn't know any spells.
Your spell library contained the following spells:

 Spells                   Type           Power      Damage    Failure   Level
 Apportation              Tloc           0%         N/A       98%         1
 Necrotise                Necr           0%         1d4       98%         1
 Ignite Poison            Fire/Tmut/Pois 0%         N/A       100%        3
 Sticky Flame             Conj/Fire      0%         2d3       100%        4
 Ignition                 Fire           0%         3d3       100%        8
 Summon Small Mammal      Summ           Unusable   N/A       N/A         1

Dungeon Overview and Level Annotations

Branches:
Dungeon (7/15)             Temple (1/1) D:4         Ossuary (visited)

Altars:
Ashenzari
Fedhas
Gozag
Hepliaklqana
Kikubaaqudgha
Makhleb
Okawaru
Qazlal
Trog
Wu Jian
Yredelemnul

Annotations:
D:3 1 runed translucent door, HilariousDeathArtist's ghost, amateur FoHW


Innate Abilities, Weirdness & Mutations

You have a pair of horns on your head.
You reflexively headbutt those who attack you in melee.


Message History

You slash the hornet! You burn the hornet.
You kill the hornet!
Okawaru is honoured by your kill.
You see here a hornet corpse.
You now have 385 gold pieces (gained 11).
You feel yourself speed up.
A manticore comes into view.
Found a morningstar.
The manticore flicks its tail.
The volley of spikes hits you!
The barbed spikes become lodged in your body.
You see here a scroll of teleportation.
You throw a poisoned dart. The poisoned dart hits the manticore.
The manticore is poisoned.
You throw a poisoned dart.
The poisoned dart completely misses the manticore.
You throw a poisoned dart.
The poisoned dart completely misses the manticore.
You block the manticore's attack. The manticore claws you.
The manticore claws you!
You hit the manticore. You burn the manticore.
Your headbutt misses the manticore.
The manticore is moderately wounded.
You slash the manticore! You burn the manticore. You headbutt the manticore.
The manticore is heavily wounded.
The manticore misses you. The manticore claws you! The manticore claws you.
You hit the manticore but do no damage.
The manticore is heavily wounded.
You carefully extract the barbed spikes from your body.
The manticore bites you!!
* * * LOW HITPOINT WARNING * * *
You block the manticore's attack. The manticore claws you!
* * * LOW HITPOINT WARNING * * *
You closely miss the manticore. You headbutt the manticore.
The manticore is heavily wounded.
You block the manticore's attack. The manticore claws you.
* * * LOW HITPOINT WARNING * * *
You block the manticore's attack.
You feel better. The manticore bites you!
You die...

#. .### #.##... #.(..)
#....# .# #....# ..#
#....# ..# #.H..# ..#
#@#.# #..# #..###...#
#...#....#
#######........#
#.......†##.#..#
##########.............##
.........#........######
########..........#
###........#


You could see a manticore (poisoned).

Vanquished Creatures
  A two-headed ogre (D:7)
  A hornet (D:7)
  A shadow (D:5)
  Menkaure (D:4)
  Edmund (D:5)
  A water moccasin (D:7)
  Duvessa (D:4)
  An ice beast (D:5)
  An ogre (D:6)
  A phantom (D:5)
  3 bullfrogs
  A necrophage (D:6)
  A scorpion (D:4)
  2 elf zombies (Ossuary)
  5 wights (D:6)
  Dowan (D:4)
  5 killer bees (D:7)
  3 centaur zombies (Ossuary)
  4 jellies
  A human zombie (Ossuary)
  3 hounds
  4 orc priests
  4 iguanas
  8 orc wizards
  3 mummies (Ossuary)
  A hound zombie (Ossuary)
  9 adders
  A white imp (D:6)
  An ufetubus (D:5)
  2 adder zombies (Ossuary)
  2 worms (D:2)
  2 dart slugs
  13 orcs
  9 ball pythons
  5 endoplasms
  6 giant cockroaches
  2 gnoll zombies (Ossuary)
  9 goblins
  11 hobgoblins
  2 jackals (D:4)
  3 quokkas
  4 bats
  6 frilled lizards
  5 goblin zombies (Ossuary)
  4 hobgoblin zombies (Ossuary)
  A jackal zombie (Ossuary)
  12 kobolds
  4 kobold zombies (Ossuary)
  2 orc zombies (Ossuary)
  4 quokka zombies (Ossuary)
  3 rats
  3 rat zombies (Ossuary)
184 creatures vanquished.

Notes
Turn   | Place    | Note
-------+----------+-------------------------------------------
     0 | D:1      | bmack86 the Minotaur Fighter began the quest for the Orb.
     0 | D:1      | Reached XP level 1. HP: 19/19 MP: 0/0
    74 | D:1      | Reached XP level 2. HP: 18/27 MP: 1/1
   115 | D:1      | Reached skill level 3 in Axes
   636 | D:2      | Reached XP level 3. HP: 33/33 MP: 2/2
   744 | D:2      | Found a faded altar of an unknown god.
   991 | D:2      | Reached XP level 4. HP: 40/40 MP: 3/3
  1451 | D:3      | Reached skill level 4 in Axes
  1451 | D:3      | Reached skill level 1 in Throwing
  1645 | D:3      | Reached XP level 5. HP: 47/47 MP: 4/4
  1690 | D:3      | Found a broken altar of Ashenzari.
  1728 | D:3      | Found a runed translucent door.
  1729 | D:3      | Noticed HilariousDeathArtist's ghost (amateur FoHW)
  1949 | D:3      | Found a burning altar of Makhleb.
  2312 | D:4      | Noticed Dowan
  2316 | D:4      | Killed Dowan
  2331 | D:4      | Noticed Duvessa
  2333 | D:4      | Noticed Menkaure
  2335 | D:4      | HP: 2/44 [Duvessa/+0 short sword of draining (12)]
  2337 | D:4      | Killed Duvessa
  2338 | D:4      | Reached skill level 5 in Axes
  2338 | D:4      | Reached XP level 6. HP: 2/53 MP: 5/5
  2348 | D:4      | Killed Menkaure
  2349 | D:4      | Reached skill level 5 in Fighting
  2349 | D:4      | Reached skill level 5 in Shields
  2521 | D:4      | Reached skill level 5 in Armour
  2556 | D:4      | Reached XP level 7. HP: 59/61 MP: 6/6
  2775 | D:4      | Found a staircase to the Ecumenical Temple.
  2789 | Temple   | Entered the Ecumenical Temple
  2833 | Temple   | Became a worshipper of Warmaster Okawaru
  2987 | D:5      | Entered Level 5 of the Dungeon
  3008 | D:5      | Noticed Edmund
  3022 | D:5      | Killed Edmund
  3023 | D:5      | Reached skill level 6 in Axes
  3327 | D:5      | Reached skill level 1 in Invocations
  3394 | D:5      | Reached * piety under Okawaru
  3605 | D:5      | Noticed a shadow
  3612 | D:5      | Killed a shadow
  3613 | D:5      | Reached XP level 8. HP: 40/70 MP: 8/8
  3782 | D:5      | Reached skill level 7 in Axes
  4216 | D:6      | Found a sand-covered staircase.
  4221 | Ossuary  | Entered an ossuary
  4414 | Ossuary  | Reached ** piety under Okawaru
  4730 | D:6      | Reached skill level 8 in Axes
  4766 | D:6      | Reached XP level 9. HP: 12/76 MP: 10/10
  6035 | D:7      | Reached *** piety under Okawaru
  6249 | D:7      | Noticed a two-headed ogre
  6254 | D:7      | Reached skill level 9 in Axes
  6263 | D:7      | Killed a two-headed ogre
  6264 | D:7      | Reached skill level 5 in Throwing
  6381 | D:7      | Noticed a manticore
  6391 | D:7      | Slain by a manticore

Illustrated notes

Levels and vault maps discovered:
D:1:      tarquinn_simple_flora_water_e, layout_rooms
D:2:      layout_basic, shapermc_ecumenical_altar_pompeii,
          grunt_decor_one_mirror
D:3:      layout_basic, ashenzari_altar_1, lemuel_round_altar,
          gammafunk_ghost_grave, kennysheep_donut, minmay_fountain_box
D:4:      layout_rooms, temple_statues, uniq_duvessa, uniq_menkaure
D:5:      layout_cave_pods, uniq_edmund
D:6:      layout_basic, nicolae_ossuary_entry_plus
D:7:      layout_rooms, serial_shops, nicolae_shop_advertising_works
          [nicolae_subvault_shop_adworks], corexii_checkpoint_a
Temple:   nicolae_temple_bog_church

Skill      XL: |  1  2  3  4  5  6  7  8  9 |
---------------+----------------------------+-----
Axes           | 3 4 5 6 8 9 |  9.6
Shields        | 4 5 6 7 |  7.6
Armour         | 4 5 6 7 |  7.6
Fighting       | 4 5 6 7 |  7.5
Throwing       | 1 2 3 4 5 |  5.0
Invocations    | 1 3 4 |  4.3

Action                     |  1- 3 |  4- 6 |  7- 9 || total
---------------------------+-------+-------+-------++-------
  Melee: War axe           |    11 |       |       ||    11
         Headbutt          |     9 |     7 |    62 ||    78
         Hand axe          |    55 |    69 |   284 ||   408
  Throw: Dart              |       |       |    13 ||    13
 Invoke: Heroism           |       |       |     1 ||     1
    Use: Scroll            |     7 |     2 |     5 ||    14
         Potion            |       |     2 |     1 ||     3
 Armour: Scale mail        |    31 |    38 |     5 ||    74
         Chain mail        |       |       |   115 ||   115
  Dodge: Dodged            |    32 |    43 |    88 ||   163
  Block: Buckler           |    16 |    29 |    76 ||   121

Table legend: (Time is in decaauts)
 A = Elapsed time spent in this place.
 B = Non-inter-level travel time spent in this place.
 C = Inter-level travel time spent in this place.
 D = Time resting spent in this place.
 E = Time spent auto-exploring this place.
 F = Levels seen in this place.
 G = Mean time per level.
                   A        B        C        D        E       F      G
               +--------+--------+--------+--------+--------+-----+--------+
         Total |   6401 |   6255 |    146 |    647 |   3532 |   9 |  711.2 |
       Dungeon |   6010 |   5864 |    146 |    647 |   3500 |   7 |  858.6 |
        Temple |     66 |     66 |      0 |      0 |     32 |   1 |   66.0 |
       Ossuary |    324 |    324 |      0 |      0 |      0 |   1 |  324.0 |
               +--------+--------+--------+--------+--------+-----+--------+

Top non-repeatable levels by time:
     D:6: 1607 daAuts
     D:5: 969 daAuts
     D:3: 895 daAuts
     D:2: 788 daAuts
     D:1: 641 daAuts
     D:4: 615 daAuts
     D:7: 492 daAuts
 Ossuary: 324 daAuts
  Temple: 66 daAuts
